cohdb
Replays
Latest Replays
All Replays
Popular Replays
Top Player Replays
Match Explorer
How It Works
Community
CoH3 Stats
Reddit
Sign in to upload your games and track your stats! →
Sign in with Steam
Match 43581421
Unlisted
Match 43581421
Overview
Messages
Build Orders
End
Vickers Machine Gun Team
Construct Section Command Post
Selects Air and Sea Battlegroup
Infantry Section
Infantry Section
Infantry Section
Construct Platoon Command Post
Humber Armored Car
Selects Commando Section Paradrop
Selects M1 Pack Howitzer Paradrop
6-pounder Anti-tank Gun Team
Grenade Package
Construct Company Command Post
Commando Section Paradrop
Construct Company Command Post
Matilda II Heavy Tank
Selects Incendiary Bombing Run
Selects Supply Surplus
Selects UNKNOWN (223837)
Unlock M3 Grant Medium Tanks
Incendiary Bombing Run
M3 Grant Medium Tank
Unlock Towed 17-pounder Anti-tank Guns
Incendiary Bombing Run
M3 Grant Medium Tank
wbr
蘅
辉夜之翼
Navier_Stokes
国窖1573
RhumsteaK
King Raptor
舒宰
0
0
Comments
sign in to comment!
No comments posted yet!